 Dungeon Crawl Stone Soup version 0.30.0-17-ge0270778cf (webtiles) character file.

Game seed: 14960921342815392515

22292 AlmostDecent the Severer (level 12, -2/79 HPs)
             Began as a Gargoyle Fighter on May 21, 2023.
             Was a High Priest of Okawaru.
             Slain by a cyan very ugly thing (16 damage)
             ... on level 1 of the Abyss.
             The game lasted 00:40:52 (10569 turns).

AlmostDecent the Severer (Gargoyle Fighter)        Turns: 10569, Time: 00:40:52

Health: -2/79      AC: 35    Str: 22    XL:     12   Next: 99%
Magic:  11/12      EV:  9    Int: 10    God:    Okawaru [*****.]
Gold:   740        SH: 11    Dex: 17    Spells: 11/11 levels left

rFire   . . .        a - +0 war axe (elec)
rCold   . . .        c - +0 buckler
rNeg    + . .        d - +7 plate armour
rPois   ∞            b - +2 hat {Stlth+}
rElec   +            B - +1 cloak
rCorr   .            (no gloves)
SInv    +            r - +0 pair of boots
Will    .....        o - amulet of reflection Stlth
                     L - ring of see invisible
HPRegen 0.33/turn    y - +6 ring of dexterity
MPRegen 0.13/turn

%: reflection
@: heroic, hasted, very quick
A: sickness immunity, AC +8, negative energy resistance 1, electricity
resistance, torment resistance 1, petrification resistance
a: Renounce Religion, Heroism, Finesse, Duel


You were on level 1 of the Abyss.
You worshipped Okawaru.
Okawaru was extremely pleased with you.
You visited 3 branches of the dungeon, and saw 14 of its levels.
You visited the Abyss 1 time.
You also visited: Sewer and Ossuary.

You collected 740 gold pieces.

Inventory:

Hand Weapons
 a - a +0 war axe of electrocution (weapon)
 g - a +3 battleaxe of freezing
 q - a +0 morningstar
 C - a +4 flail of freezing
Missiles
 D - 2 silver javelins (quivered)
 M - a throwing net
Armour
 b - a +2 hat of stealth (worn)
 c - a +0 buckler (worn)
 d - a +7 plate armour (worn)
 k - the +0 hat "Zeavet" {Contam rElec rN+++ Int-3}
   (Okawaru gifted it to you on level 1 of the Abyss)

   Int:       It affects your intelligence (-3).
   rElec:     It insulates you from electricity.
   rN:        It renders you almost immune to negative energy.
   Contam:    It causes magical contamination when unequipped.
 r - a +0 pair of boots (worn)
 B - a +1 cloak (worn)
Jewellery
 f - a ring of protection from cold
 i - a +5 ring of evasion
 o - an amulet of reflection (around neck)
 y - a +6 ring of dexterity (right hand)
 G - a ring of protection from fire
 K - a ring of wizardry
 L - a ring of see invisible (left hand)
Wands
 p - a wand of flame (48)
 F - a wand of roots (8)
 I - a wand of light (2)
Scrolls
 e - 9 scrolls of identify
 h - 2 scrolls of fear
 j - 2 scrolls of amnesia
 v - 6 scrolls of magic mapping
 w - 3 scrolls of fog
 A - 6 scrolls of teleportation
 E - a scroll of silence
Potions
 l - 2 potions of cancellation
 m - 5 potions of curing
 n - 2 potions of haste
 s - 6 potions of mutation
 t - 3 potions of lignification
 u - a potion of invisibility
 x - a potion of ambrosia
 z - a potion of berserk rage
 H - a potion of brilliance
 J - a potion of attraction {unknown}


   Skills:
 + Level 10.8(15.8) Fighting
 * Level 17.3(22.3) Axes
 - Level 3.3(8.3) Armour
 + Level 0.2(5.2) Stealth
 - Level 3.3(8.3) Shields
 + Level 1.2 Invocations


You had 11 spell levels left.
You didn't know any spells.
Your spell library contained the following spells:

 Spells                   Type           Power      Damage    Failure   Level
 Foxfire                  Conj/Fire      0%         2x1d4     100%        1
 Kiss of Death            Conj/Necr      0%         2d5       100%        1
 Scorch                   Fire           0%         2d5       100%        2
 Confusing Touch          Hex            0%         N/A       100%        3
 Frozen Ramparts          Ice            0%         1d1       100%        3
 Inner Flame              Hex/Fire       0%         N/A       100%        3
 Portal Projectile        Hex/Tloc       0%         N/A       100%        3
 Stone Arrow              Conj/Erth      0%         3d7       100%        3
 Dispel Undead            Necr           0%         3d6       100%        4
 Flame Wave               Conj/Fire      0%         2d4       100%        4
 Ice Form                 Ice/Tmut       0%         N/A       100%        4
 Leda's Liquefaction      Hex/Erth       0%         N/A       100%        4
 Sticky Flame             Conj/Fire      0%         2d3       100%        4
 Fireball                 Conj/Fire      0%         3d3       100%        5
 Irradiate                Conj/Tmut      0%         3d11      100%        5
 Lee's Rapid Deconstruct  Erth           0%         3d4*      100%        5
 Plasma Beam              Fire/Air       0%         2x1d11    100%        6
 Starburst                Conj/Fire      0%         6d3       100%        6
 Summon Ice Beast         Ice/Summ       Unusable   N/A       N/A         4
 Summon Cactus Giant      Summ           Unusable   N/A       N/A         6
 Malign Gateway           Summ/Tloc      Unusable   N/A       N/A         7

Dungeon Overview and Level Annotations

Branches:
Dungeon (11/15)            Temple (1/1) D:5            Lair (2/5) D:9
    Orc (0/2) D:10          Sewer (visited)         Ossuary (visited)
  Swamp: Lair:2-3    Shoals: Lair:2-3     Snake: Lair:2-3    Spider: Lair:2-3

Altars:
Ashenzari
Cheibriados
Dithmenos
Elyvilon
Fedhas
Gozag
Hepliaklqana
Kikubaaqudgha
Makhleb
Nemelex Xobeh
Okawaru
Qazlal
Ru
Sif Muna
Trog
Uskayaw
Vehumet
Wu Jian
Xom
Yredelemnul
Zin
The Shining One

Shops:
D:2 [   D:6 :

Annotations:
Lair:2 Sonja


Innate Abilities, Weirdness & Mutations

You are immune to sickness and miasma.
Your stone body is resilient. (AC +8)
You are immune to poison.
You resist negative energy. (rN+)
You are resistant to electric shocks. (rElec)
You are resistant to unholy torment.
You are immune to petrification.


Message History

The cyan very ugly thing bites you but does no damage.
You closely miss the cyan very ugly thing.
You closely miss the cyan very ugly thing.
The cyan very ugly thing bites you but does no damage.
The smoke demon gestures at you. Something smites you!
You barely miss the cyan very ugly thing.
The cyan very ugly thing bites you but does no damage.
You slash the cyan very ugly thing!
The cyan very ugly thing is lightly wounded.
You hear a bellow!
The cyan very ugly thing closely misses you.
You slice the cyan very ugly thing!!
The cyan very ugly thing is moderately wounded.
You hear a shout!
You slash the cyan very ugly thing!
The cyan very ugly thing is heavily wounded.
You hear a bellow!
The cyan very ugly thing closely misses you.
You slice the cyan very ugly thing!!
The cyan very ugly thing is severely wounded.
You block the cyan very ugly thing's attack.
You slice the cyan very ugly thing!!
The cyan very ugly thing is almost dead.
The smoke demon gestures at you. Something smites you!
* * * LOW HITPOINT WARNING * * *
The cyan very ugly thing bites you but does no damage.
You feel better.
You block the cyan very ugly thing's attack.
A neqoxec comes into view.
Okay, then.
You feel better.
The cyan very ugly thing bites you but does no damage.
You feel yourself speed up. The smoke demon gestures at you.
Something smites you!
* * * LOW HITPOINT WARNING * * *
The cyan very ugly thing bites you!
You die...

... #. . .# #
#.# ##...
##.# # ##
###.. .#..
#.###3....#
#.#uu3.# .. .
#.@#.##.#.#..
#####.. .#..#
.# #. .. .#
## #. .# .. #


You could see a cyan very ugly thing, a cyan ugly thing, a smoke demon and a
neqoxec.

Vanquished Creatures
  9 death yaks
  A two-headed ogre (D:9)
  A deep elf pyromancer (D:10)
  2 black mambas (Lair:1)
  2 smoke demons (Abyss:1)
  3 cane toads (Lair:1)
  Maggie (D:9)
  2 rime drakes (Lair:1)
  An unseen horror (D:11)
  2 kobold demonologists
  A komodo dragon (Lair:1)
  2 hornets (D:9)
  4 trolls
  A merfolk (D:11)
  2 hellwings (Abyss:1)
  Prince Ribbit (D:6)
  Sigmund (D:2)
  A shadow (D:11)
  A wraith (D:11)
  2 wyverns (D:9)
  8 yaks
  Grum (D:11)
  2 steam dragons
  Menkaure (D:4)
  3 vampire mosquitoes (D:10)
  2 water moccasins (Lair:1)
  An ice beast (D:7)
  8 orc warriors
  2 sky beasts (D:8)
  2 black bears (Lair:1)
  3 ogres
  5 wolves
  7 centaurs
  2 phantoms (D:5)
  4 kobold brigands
  8 bullfrogs
  6 scorpions
  4 water moccasin zombies (Ossuary)
  15 wights
  17 killer bees
  5 howler monkeys
  A small abomination (Abyss:1)
  4 jellies
  3 gnoll boudas
  8 orc priests
  4 hounds
  4 iguanas
  Natasha (thrice) (D:4)
  3 hell rats (D:9)
  8 orc wizards
  3 mummies
  9 gnolls
  10 adders
  8 river rats
  7 adder zombies (Ossuary)
  4 worms
  4 dart slugs
  47 orcs
  14 ball pythons
  6 endoplasms
  3 giant cockroaches
  A gnoll zombie (Ossuary)
  8 goblins
  14 hobgoblins
  6 jackals
  38 kobolds
  8 quokkas
  7 bats
  5 frilled lizards
  3 hobgoblin zombies (Ossuary)
  3 kobold zombies (Ossuary)
  6 orc zombies (Ossuary)
  18 rats
416 creatures vanquished.

Notes
Turn   | Place    | Note
-------+----------+-------------------------------------------
     0 | D:1      | AlmostDecent the Gargoyle Fighter began the quest for the
                  | Orb.
     0 | D:1      | Reached XP level 1. HP: 14/14 MP: 1/1
   147 | D:1      | Reached skill level 2 in Axes
   212 | D:1      | Reached XP level 2. HP: 14/19 MP: 2/2
   317 | D:1      | Reached XP level 3. HP: 24/24 MP: 3/3
   562 | D:1      | Reached skill level 3 in Axes
   756 | D:2      | Found a sparkling altar of Nemelex Xobeh.
   859 | D:2      | Noticed Sigmund
   876 | D:2      | Killed Sigmund
   877 | D:2      | Reached skill level 4 in Axes
   877 | D:2      | Reached XP level 4. HP: 22/30 MP: 4/4
   877 | D:2      | Reached XP level 5. HP: 25/34 MP: 5/5
   877 | D:2      | Reached XP level 6. HP: 28/39 MP: 6/6
   932 | D:2      | Got the Codex of Superposition
   957 | D:2      | Found Famoi's Antique Armour Emporium.
  1256 | D:2      | Reached skill level 5 in Axes
  1733 | D:4      | Noticed Natasha
  1739 | D:4      | Killed Natasha
  1820 | D:4      | Noticed Natasha
  1829 | D:4      | Killed Natasha
  1888 | D:4      | Noticed Natasha
  1895 | D:4      | Killed Natasha
  1915 | D:4      | Noticed Menkaure
  1921 | D:4      | Killed Menkaure
  1922 | D:4      | Reached skill level 6 in Axes
  1922 | D:4      | Reached XP level 7. HP: 44/44 MP: 7/7
  1966 | D:4      | Found a sparkling altar of Nemelex Xobeh.
  1969 | D:4      | Found a shimmering altar of Xom.
  1969 | D:4      | Found a shimmering altar of Xom.
  1984 | D:4      | Reached skill level 5 in Fighting
  1985 | D:4      | Found a hide-covered altar of Uskayaw.
  1985 | D:4      | Found a broken altar of Ashenzari.
  1985 | D:4      | Found a broken altar of Ashenzari.
  2038 | D:4      | Reached skill level 7 in Axes
  2315 | D:5      | Entered Level 5 of the Dungeon
  2331 | D:5      | Reached XP level 8. HP: 13/49 MP: 8/8
  2344 | D:5      | Reached skill level 8 in Axes
  2555 | D:5      | Found a staircase to the Ecumenical Temple.
  2564 | Temple   | Entered the Ecumenical Temple
  2628 | D:5      | Noticed a kobold demonologist
  2645 | D:5      | Killed a kobold demonologist
  2646 | D:5      | Reached skill level 9 in Axes
  2699 | D:5      | Found a blossoming altar of Fedhas.
  2796 | D:5      | Found a glowing drain.
  2807 | Sewer    | Entered a sewer
  3042 | Sewer    | Reached XP level 9. HP: 55/55 MP: 9/9
  3709 | D:6      | Noticed Prince Ribbit
  3727 | D:6      | Killed Prince Ribbit
  3728 | D:6      | Reached skill level 10 in Axes
  3733 | D:6      | Found Folur's Book Shoppe.
  3733 | D:6      | Noticed a walking crystal tome
  3733 | D:6      | Noticed a walking frostbound tome
  3832 | D:6      | Found a sand-covered staircase.
  3839 | D:6      | Reached skill level 11 in Axes
  3845 | Ossuary  | Entered an ossuary
  4295 | D:6      | Found a glowing golden altar of the Shining One.
  4579 | D:6      | Reached XP level 10. HP: 58/61 MP: 10/10
  4853 | D:7      | Reached skill level 12 in Axes
  5491 | D:7      | Found an iron altar of Okawaru.
  5507 | D:7      | Became a worshipper of Warmaster Okawaru
  5693 | D:8      | Found a burning altar of Makhleb.
  5781 | D:8      | Reached skill level 13 in Axes
  5887 | D:8      | Found a snail-covered altar of Cheibriados.
  5951 | D:8      | Found a broken altar of Ashenzari.
  6320 | D:8      | Reached * piety under Okawaru
  6525 | D:9      | Reached XP level 11. HP: 63/68 MP: 11/11
  6574 | D:9      | Reached skill level 14 in Axes
  6578 | D:9      | Noticed Maggie
  6580 | D:9      | Noticed a two-headed ogre
  6587 | D:9      | Killed Maggie
  6587 | D:9      | Reached ** piety under Okawaru
  6592 | D:9      | Killed a two-headed ogre
  6694 | D:9      | Noticed a death yak
  6696 | D:9      | Noticed a death yak
  6696 | D:9      | Noticed a death yak
  6715 | D:9      | Killed a death yak
  6716 | D:9      | Killed a death yak
  6717 | D:9      | Killed a death yak
  6717 | D:9      | Reached *** piety under Okawaru
  6717 | D:9      | Received a gift from Okawaru
  6871 | D:9      | Found a staircase to the Lair.
  6910 | D:9      | Found a large runed translucent door.
  6910 | D:9      | Found a large runed translucent door.
  6999 | D:9      | Found a radiant altar of Vehumet.
  7001 | D:9      | Reached skill level 15 in Axes
  7015 | D:9      | Found a shimmering blue altar of Sif Muna.
  7300 | D:10     | Entered Level 10 of the Dungeon
  7548 | D:10     | Found a staircase to the Orcish Mines.
  7575 | D:10     | Reached **** piety under Okawaru
  8044 | D:10     | Noticed a deep elf pyromancer
  8059 | D:10     | Killed a deep elf pyromancer
  8060 | D:10     | Reached XP level 12. HP: 56/76 MP: 12/12
  8712 | D:11     | Noticed Grum
  8727 | D:11     | Killed Grum
  8951 | D:11     | Reached skill level 16 in Axes
  9217 | Lair:1   | Entered Level 1 of the Lair of Beasts
  9231 | Lair:1   | Reached ***** piety under Okawaru
  9279 | Lair:1   | Noticed a death yak
  9285 | Lair:1   | Noticed a death yak
  9286 | Lair:1   | Noticed a death yak
  9290 | Lair:1   | Noticed a death yak
  9290 | Lair:1   | Noticed a death yak
  9291 | Lair:1   | Noticed a death yak
  9311 | D:9      | Killed a death yak
  9512 | Lair:1   | Killed a death yak
  9513 | Lair:1   | Killed a death yak
  9513 | Lair:1   | Killed a death yak
  9514 | Lair:1   | Reached skill level 10 in Fighting
  9515 | Lair:1   | Killed a death yak
  9518 | Lair:1   | Killed a death yak
  9789 | Lair:1   | Reached skill level 17 in Axes
  9789 | Lair:1   | Reached skill level 1 in Invocations
 10429 | Lair:2   | Noticed Sonja
 10433 | Abyss:1  | Cast into level 1 of the Abyss (Sonja)
 10447 | Abyss:1  | Found a basalt altar of Yredelemnul.
 10521 | Abyss:1  | Identified the +0 hat "Zeavet" {Contam rElec rN+++ Int-3}
                  | (Okawaru gifted it to you on level 1 of the Abyss)
 10521 | Abyss:1  | Received a gift from Okawaru
 10552 | Abyss:1  | Noticed a cyan very ugly thing
 10569 | Abyss:1  | Slain by a cyan very ugly thing

Illustrated notes

Levels and vault maps discovered:
D:1:      dpeg_arrival_rooms_b, layout_basic
D:2:      layout_basic, serial_shops, nicolae_shop_peninsula, basic_altar,
          uniq_sigmund
D:3:      layout_basic
D:4:      layout_rooms, doesnt_xom_only_xom, uniq_natasha, uniq_menkaure
D:5:      layout_cave_pools, fedhas_altar_4,
          minmay_temple_entry_statues_fountains, cheibrodos_sewer_entry_bend
D:6:      layout_loops_ring, mainiacjoe_overflow_brackets, serial_shops,
          nicolae_shop_mannequins, enter_ossuary_1, minmay_misc_feat_encased,
          moated_statue, uniq_prince_ribbit1
D:7:      layout_loops_cross, okawaru_altar_gauntlet_db
D:8:      layout_loops_ring, slow_altar_1, cheibrodos_ashenzari_chains,
          amcnicky_altar_gilded, nicolae_nh_ransacked_shop
D:9:      layout_big_octagon, jmf_multi_god_temple2, dpeg_lair_monsters,
          grunt_ministairs_4, chequers_serial_rivers_micro_a,
          minmay_diced_spiral, uniq_maggie
D:10:     layout_long_grid, erik_orc_3, corexii_leaking_fountain
D:11:     layout_cave_pools, hangedman_fish_farm, uniq_grum
Temple:   cyrus_circular_temple
Lair:1:   layout_misc_corridors, infiniplex_staircase_pool, grunt_megastairs_4
Lair:2:   layout_loops_ring, nicolae_swamp_entry_splash_gauntlet,
          chequers_serial_rivers_micro_a, eino_house_with_fridge, uniq_sonja
Abyss:1:  base: D:6, minivault_24

Skill      XL: |  1  2  3  4  5  6  7  8  9 10 11 12 |
---------------+-------------------------------------+-----
Axes           | 2 4 6 7 9 11 13 15 17 | 17.3
Fighting       | 4 5 6 7 9 10 | 10.8
Invocations    | 1 |  1.2
Armour         | |  3.3
Stealth        | |  0.2
Shields        | |  3.3

Action                     |  1- 3 |  4- 6 |  7- 9 | 10-12 || total
---------------------------+-------+-------+-------+-------++-------
  Melee: War axe           |    96 |   110 |   348 |   654 ||  1208
 Invoke: Heroism           |       |       |       |     9 ||     9
    Use: Potion            |     1 |     1 |     7 |    14 ||    23
         Scroll            |       |       |    18 |    12 ||    30
 Armour: Scale mail        |    56 |    40 |    42 |       ||   138
         Plate armour      |       |       |   148 |   404 ||   552
  Dodge: Dodged            |    56 |    35 |    86 |   133 ||   310
  Block: Buckler           |    22 |    48 |   162 |   323 ||   555
         Reflection        |       |     2 |     1 |    17 ||    20
